AoeStats
← TW_Jerry YT @TW-aoe2noobs

Oasis

507514639Analyzed
4v4 RM · 15d ago on Sep 18, 2026· 35m 17s· 8 players
Game mode
Random Map
Map size
Large (8 player)
Population
200
Speed
Normal
Resources
Standard
Victory
Conquest
Starting age
Dark Age
Ending age
Imperial Age
RankedLock teamsTeams togetherTeam positionsShared explorationLock speedFull tech treeHidden civsTurbo modeCheats
Victory
Defeat
🇹🇼 Khmer · Taiwan
1649
+16
1627
+17
🇹🇼 Persians · Taiwan
1575
+19
🇹🇼 Magyars · Taiwan
1543
+20
🇫🇮 Japanese · Finland
1685
-21
🇨🇳 Persians · China
1650
-18
🇫🇷 Saracens · France
1637
-18
🇦🇷 Bulgarians · Argentina
1580
-15
脏丶辫
8:38 Feudal Age
8:37 Loom
9:14 Double-Bit Axe
9:19 Horse Collar
15:49 Scale Barding Armor
21:16 Wheelbarrow
24:15 Castle Age
22:52 Forging
24:52 Bloodlines
Cipiettro_Vicci
6:22 Loom
9:29 Feudal Age
10:43 Double-Bit Axe
12:41 Fletching
14:41 Padded Archer Armor
22:38 Castle Age
22:40 Crossbowman
23:21 Bodkin Arrow
23:48 Bow Saw
28:03 Ballistics
King-Arthur
6:09 Loom
9:23 Feudal Age
13:07 Wheelbarrow
12:53 Man-at-Arms
15:31 Double-Bit Axe
18:35 Town Watch
24:31 Fletching
29:17 Castle Age
28:00 Padded Archer Armor
28:05 Horse Collar
30:01 Bodkin Arrow
30:24 Husbandry
FutureEwe5582
6:39 Loom
8:50 Feudal Age
9:43 Double-Bit Axe
12:25 Forging
13:17 Scale Barding Armor
24:06 Castle Age
22:42 Bloodlines
25:13 Bow Saw
24:34 Light Cavalry
25:37 Chain Barding Armor
26:25 Fletching
27:49 Wheelbarrow
30:52 Iron Casting
TW_Dinko
2:29 Loom
9:03 Feudal Age
7:19 Loom
10:47 Double-Bit Axe
15:10 Scale Barding Armor
17:43 Bloodlines
21:24 Horse Collar
24:31 Castle Age
23:29 Gold Mining
25:31 Chain Barding Armor
25:14 Husbandry
26:34 Gold Shaft Mining
26:02 Light Cavalry
27:37 Wheelbarrow
TW_KA
5:26 Loom
30:17 Feudal Age
30:53 Double-Bit Axe
34:36 Wheelbarrow
TW_Jerry YT @TW-aoe2noobs
6:29 Loom
8:59 Feudal Age
10:10 Double-Bit Axe
12:57 Fletching
16:11 Padded Archer Armor
24:18 Castle Age
22:22 Gold Mining
24:36 Crossbowman
26:34 Bodkin Arrow
29:53 Ballistics
33:26 Leather Archer Armor
35:33 Wheelbarrow
TWNBS_Jian Hei
8:36 Feudal Age
9:05 Double-Bit Axe
9:01 Horse Collar
13:47 Bloodlines
14:11 Forging
19:04 Scale Barding Armor
19:53 Loom
22:56 Castle Age
22:39 Gold Mining
22:58 Light Cavalry
24:10 Chain Barding Armor
24:26 Husbandry
28:11 Bow Saw
28:47 Wheelbarrow
29:06 Gold Shaft Mining
29:45 Heavy Plow
31:26 Stone Mining
32:34 Iron Casting
34:48 Hand Cart
Connection lost

Rejoining the realm…

Still unreachable

The connection could not be restored.

Session expired

The server has moved on; the page needs a fresh start.